 Dungeon Crawl Stone Soup version 0.27.0-66-gdc8fb28755 (webtiles) character file.

Game seed: 4612734575459578471

184 sanka the Chopper (level 5, 0/64 HPs)
             Began as a Palentonga Abyssal Knight on Aug 19, 2021.
             Was a Believer of Lugonu.
             Succumbed to an adder's poison
             ... on level 3 of the Dungeon.
             The game lasted 00:03:55 (3555 turns).

sanka the Chopper (Palentonga Abyssal Knight)       Turns: 3555, Time: 00:03:55

Health: 0/64       AC:  5    Str: 16    XL:     5   Next: 36%
Magic:  6/6        EV:  9    Int: 13    God:    Lugonu [**....]
Gold:   95         SH:  0    Dex:  9    Spells: 4/4 levels left

rFire    . . .     SeeInvis +   i - +0 war axe
rCold    . . .     Faith    .   (no shield)
rNeg     + . .     Spirit   .   b - +0 leather armour
rPois    .         Reflect  .   (no helmet)
rElec    .         Harm     .   j - +0 cloak
rCorr    .         Rampage  .   (no gloves)
Will     .....                  (no barding)
Stlth    ..........             (no amulet)
HPRegen  0.20/turn              (no ring)
MPRegen  0.10/turn              e - ring of positive energy

@: berserking, lethally poisoned (0 -> -9), very quick
A: large, rugged brown scales 3, see invisible, deformed body, roll 1, armoured
tail
a: Rolling Charge, Renounce Religion, Depart the Abyss, Bend Space


You were on level 3 of the Dungeon.
You worshipped Lugonu.
Lugonu was pleased with you.
You visited 1 branch of the dungeon, and saw 3 of its levels.
You visited the Abyss 1 time.

You collected 95 gold pieces.


Innate Abilities, Weirdness & Mutations

You are completely covered in rugged brown scales. (AC +3, +7% HP)
You have supernaturally acute eyesight. (SInv)
Armour fits poorly on your strangely shaped body.
You can roll at nearby foes to attack.
You have a long armoured tail.


   Skills:
 - Level 3.0 Fighting
 + Level 5.6 Axes
 - Level 1.5 Armour
 - Level 0.7 Dodging
 + Level 2.1 Invocations


You had 4 spell levels left.
You didn't know any spells.
Your spell library was empty.

Inventory:

Hand Weapons
 a - a +1 hand axe
 i - a +0 war axe (weapon)
Missiles
 m - 3 poisoned darts
Armour
 b - a +0 leather armour (worn)
 j - a +0 cloak (worn)
Jewellery
 e - a ring of positive energy (right hand)
Scrolls
 c - 8 scrolls of identify {unknown}
 g - a scroll of teleportation {unknown}
 l - a scroll of enchant armour {unknown}
Potions
 f - a potion of ambrosia {unknown}
 h - a potion of might {unknown}
 k - a potion of haste {unknown}

Dungeon Overview and Level Annotations

Branches:
Dungeon (3/15)

Altars:
Zin

▒..▒ ▒.........▒.▒†▒▒▒▒.▒.▒..
▒..▒ ▒▒.........▒.▒.▒ ▒.▒.▒.▒
▒▒▒▒..▒▒▒..........▒.▒.▒ ▒.▒.▒.▒
...▒..▒▒....▒▒..▒▒.....▒▒▒▒.▒....
...▒..▒▒....▒▒..▒▒.▒.........▒▒.▒
...▒..▒▒....▒▒.....▒▒▒▒▒▒▒▒..▒▒.▒
........▒.....▒.▒▒. ▒..▒▒.▒
........▒▒▒▒▒+▒.▒▒▒▒▒▒▒▒▒▒▒..▒▒.▒
........▒▒...(..H............▒▒.▒
........▒.......▒▒▒▒▒▒▒▒▒▒▒▒.▒..▒
▒.......▒......†...▒ ▒.▒<▒▒
▒.......▒..........▒ ▒.▒▒▒▒
..▒▒..▒▒▒▒.........▒ ▒.(...
......▒ ▒.........▒ ▒▒▒▒▒▒
......▒ ▒.........▒
......▒▒▒▒.........▒
..▒................▒


There were no monsters in sight!


Message History

The adder poisons you! The adder bites you but does no damage.
It was a potion of berserk rage.
A red film seems to cover your vision as you go berserk!
You feel yourself moving faster!
You feel mighty!
* * * LOW HITPOINT WARNING * * *
You feel sick. The adder bites you.
* * * LOW HITPOINT WARNING * * *
You are more poisoned.
The adder poisons you!
You barely miss the adder.
Your tail-slap misses the adder.
The adder is severely wounded.
* * * LOW HITPOINT WARNING * * *
You feel sick. The adder barely misses you.
Unknown command.
You slash the adder!
You kill the adder!
Lugonu accepts your kill.
* * * LOW HITPOINT WARNING * * *
You feel sick.
Unknown command.
No target in view!
Unknown command.
You are too berserk!
Unknown command.
You die...

Action                   |  1- 3 |  4- 6 || total
-------------------------+-------+-------++-------
Melee: Hand axe          |    71 |       ||    71
       Tailslap          |     6 |     8 ||    14
       War axe           |    12 |   102 ||   114
Invok: Depart the Abyss  |     1 |       ||     1
 Abil: Rolling Charge    |     7 |     8 ||    15
  Use: Potion            |       |     1 ||     1
Armor: Leather armour    |    23 |    72 ||    95
Dodge: Dodged            |    30 |    62 ||    92

Levels and vault maps discovered:
D:1:      lightli_arrival_noodles, layout_basic,
          ebering_ecumenical_altar_abandoned, chequers_serial_rivers_micro_b
D:2:      layout_basic, st_stairs_5
D:3:      layout_basic, mainiacjoe_overflow_24_doors, minmay_cut_off

Notes
Turn   | Place    | Note
-------+----------+-------------------------------------------
     0 | Abyss:1  | sanka the Palentonga Abyssal Knight began the quest for the
                  | Orb.
     0 | Abyss:1  | Reached XP level 1. HP: 19/19 MP: 2/2
    86 | Abyss:1  | Noticed a tentacled starspawn
    87 | Abyss:1  | Noticed a quasit
    89 | D:1      | Escaped the Abyss
   330 | D:1      | Found a faded altar of an unknown god.
   497 | D:1      | Reached XP level 2. HP: 23/25 MP: 3/3
   911 | D:2      | Reached skill level 3 in Axes
  1551 | D:2      | Reached XP level 3. HP: 23/31 MP: 4/4
  1687 | D:2      | Reached skill level 4 in Axes
  1687 | D:2      | Reached * piety under Lugonu
  1708 | D:2      | Reached XP level 4. HP: 14/37 MP: 5/5
  2553 | D:3      | Reached skill level 5 in Axes
  2677 | D:3      | Reached XP level 5. HP: 8/43 MP: 6/6
  2678 | D:3      | HP: 4/43 [poisoned by an adder]
  2682 | D:3      | HP: 1/43 [poisoned by an adder]
  3276 | D:3      | Found a glowing silver altar of Zin.
  3361 | D:3      | Noticed a sky beast
  3485 | D:3      | Reached ** piety under Lugonu
  3552 | D:3      | HP: 6/64 [adder (2)]
  3554 | D:3      | HP: 2/64 [poisoned by an adder]
  3555 | D:3      | Succumbed to an adder's poison

Vanquished Creatures
  A hound (D:3)
  3 gnolls (D:2)
  6 adders
  An ufetubus (D:3)
  2 worms (D:2)
  A dart slug (D:2)
  4 ball pythons
  4 bats
  8 endoplasms
  4 giant cockroaches
  4 goblins (D:3)
  6 hobgoblins
  5 jackals (D:2)
  2 kobolds
  2 quokkas (D:3)
  2 frilled lizards (D:1)
  4 rats
59 creatures vanquished.
